AoeStats
← KOSOVAR

Four Lakes

508474759Analyzed
1v1 RM · 11d ago on Sep 22, 2026· 27m 9s· 2 players
Game mode
Random Map
Map size
Tiny (2 player)
Population
200
Speed
Normal
Resources
Standard
Victory
Conquest
Starting age
Dark Age
Ending age
Imperial Age
RankedLock teamsTeams togetherTeam positionsShared explorationLock speedFull tech treeHidden civsTurbo modeCheats
Victory
Defeat
🇪🇸 Japanese · Spain
663
+13
🇺🇸 Portuguese · United States
593
-13
KOSOVAR
7:48 Loom
11:10 Feudal Age
11:37 Double-Bit Axe
12:52 Fishing Lines
12:45 Man-at-Arms
13:11 Arson
15:08 Forging
15:01 Scale Mail Armor
23:22 Castle Age
21:31 Gold Mining
24:15 Bow Saw
24:56 Iron Casting
24:37 Chain Mail Armor
23:44 Long Swordsman
26:19 Wheelbarrow
Eluniko702
0:37 Loom
16:07 Feudal Age
17:24 Wheelbarrow
17:09 Double-Bit Axe
18:05 Horse Collar
18:16 Fishing Lines
20:19 Scale Barding Armor
20:16 Scale Mail Armor
20:17 Padded Archer Armor
20:07 Fletching
20:28 Forging
23:03 Town Watch
Connection lost

Rejoining the realm…

Still unreachable

The connection could not be restored.

Session expired

The server has moved on; the page needs a fresh start.